AoeStats
← BlackKanon07

Arena

509979976Analyzed
4v4 RM · 4d ago on Sep 28, 2026· 29m 51s· 8 players
Game mode
Random Map
Map size
Large (8 player)
Population
200
Speed
Normal
Resources
Standard
Victory
Conquest
Starting age
Dark Age
Ending age
Imperial Age
RankedLock teamsTeams togetherTeam positionsShared explorationLock speedFull tech treeHidden civsTurbo modeCheats
Victory
Defeat
🇺🇸 Varangians · United States
928
+9
🇩🇪 Khmer · Germany
878
+11
🇺🇸 Goths · United States
803
+14
784
+14
🇺🇾 Georgians · Uruguay
927
-19
🇹🇷 Huns · Türkiye
716
-10
🇦🇷 Varangians · Argentina
700
-10
🇳🇱 Persians · Netherlands
676
-9
Lost My Scout
0:58 Loom
14:08 Feudal Age
15:00 Double-Bit Axe
14:59 Horse Collar
15:13 Gold Mining
15:23 Man-at-Arms
24:05 Castle Age
22:40 Scale Mail Armor
22:32 Fletching
23:19 Forging
25:57 Bow Saw
25:49 Heavy Plow
25:50 Long Swordsman
25:50 Pikeman
26:31 Squires
27:25 Wheelbarrow
27:13 Town Watch
29:07 Hand Cart
Neubs
5:28 Loom
12:15 Feudal Age
17:27 Castle Age
16:10 Man-at-Arms
17:42 Long Swordsman
18:10 Gambesons
18:59 Double-Bit Axe
21:44 Husbandry
23:33 Forging
26:01 Gold Mining
26:01 Stone Mining
25:55 Horse Collar
26:51 Scale Barding Armor
27:35 Heavy Plow
28:19 Bow Saw
BlackKanon07
8:17 Loom
9:44 Loom
11:33 Feudal Age
14:26 Castle Age
12:12 Double-Bit Axe
12:17 Horse Collar
16:55 Bow Saw
20:19 Loom
21:10 Wheelbarrow
22:51 Heavy Plow
22:44 Stone Mining
24:46 Hand Cart
24:21 Town Watch
28:08 Imperial Age
26:35 Town Patrol
28:06 Gold Mining
28:52 Stone Shaft Mining
28:21 Padded Archer Armor
28:27 Scale Barding Armor
29:32 Leather Archer Armor
29:48 Fletching
30:09 Forging
[TodEs H] Ovejita Eléctrica
9:47 Feudal Age
13:54 Castle Age
12:10 Double-Bit Axe
14:40 Horse Collar
21:02 Arson
22:45 Squires
23:46 Bow Saw
23:44 Gold Mining
24:36 Forging
24:27 Scale Mail Armor
25:00 Stone Mining
26:25 Heavy Plow
28:10 Iron Casting
27:41 Scale Barding Armor
27:53 Chain Mail Armor
29:49 Scale Barding Armor
29:52 Loom
braian4400
10:37 Feudal Age
11:07 Loom
14:54 Double-Bit Axe
15:55 Wheelbarrow
15:25 Arson
17:00 Man-at-Arms
23:23 Castle Age
22:27 Gold Mining
23:32 Scale Mail Armor
23:45 Forging
26:51 Squires
26:51 Gambesons
Pocho32
6:40 Loom
9:50 Feudal Age
16:39 Castle Age
20:05 Double-Bit Axe
24:21 Man-at-Arms
24:47 Gambesons
25:04 Squires
26:11 Scale Mail Armor
26:22 Forging
26:09 Long Swordsman
28:15 Forging
29:46 Wheelbarrow
acetiner
0:35 Loom
15:08 Feudal Age
27:02 Castle Age
playboy42
11:26 Feudal Age
11:54 Double-Bit Axe
11:54 Horse Collar
22:32 Castle Age
21:23 Stone Mining
25:52 Bow Saw
25:44 Heavy Plow
25:47 Town Watch
Connection lost

Rejoining the realm…

Still unreachable

The connection could not be restored.

Session expired

The server has moved on; the page needs a fresh start.